 Dungeon Crawl Stone Soup version 0.23-a0-54-gae6112e (webtiles) character file.

109 Gruud the Grave Robber (level 4, -1/30 HPs)
             Began as a Demonspawn Necromancer on Aug 8, 2018.
             Killed by divine providence
             ... invoked by an orc priest
              (14 damage)
             ... on level 2 of the Dungeon.
             The game lasted 00:04:53 (1388 turns).

Gruud the Grave Robber (Demonspawn Necromancer)     Turns: 1388, Time: 00:04:54

Health: -1/30      AC:  4    Str:  9    XL:     4   Next: 59%
Magic:  2/7        EV: 12    Int: 17    God:
Gold:   46         SH:  0    Dex: 13    Spells: 2/7 levels left

rFire    . . .     SeeInvis .   a - +0 dagger
rCold    . . .     Gourm    .   (no shield)
rNeg     . . .     Faith    .   f - +0 robe
rPois    .         Spirit   .   (no helmet)
rElec    .         Reflect  .   (no cloak)
rCorr    .         Harm     .   (no gloves)
MR       .....                  j - +1 pair of boots
Stlth    +++++.....             (no amulet)
HPRegen  0.10/turn              (no ring)
MPRegen  0.10/turn              (no ring)

@: no status effects
A: nightstalker 3
a: no special abilities


You were on level 2 of the Dungeon.
You were not hungry.

You visited 1 branch of the dungeon, and saw 2 of its levels.

You collected 46 gold pieces.

Inventory:

Hand Weapons
 a - a +0 dagger (weapon)
Missiles
 g - 23 sling bullets
 h - 19 poisoned needles
Armour
 f - a +0 robe (worn)
 j - a +1 pair of boots (worn)
Scrolls
 e - 2 scrolls of identify {unknown}
 i - 3 scrolls of remove curse {unknown}
Potions
 b - a potion of degeneration {unknown}
Comestibles
 c - 3 rations
 d - 4 chunks of flesh


   Skills:
 - Level 1.7 Dodging
 * Level 2.2 Stealth
 + Level 2.3 Spellcasting
 * Level 6.2 Necromancy


You had 2 spell levels left.
You knew the following spells:

 Your Spells              Type           Power        Failure   Level  Hunger
a - Pain                  Necr           ###.         1%          1    #......
b - Animate Skeleton      Necr           N/A          1%          1    #......
c - Vampiric Draining     Necr           ###.......   4%          3    ###....

Your spell library contained the following spells:

 Spells                   Type           Power        Failure   Level  Hunger
 Animate Dead             Necr           N/A          14%         4    #####..
 Regeneration             Chrm/Necr      ##........   16%         3    ###....


Dungeon Overview and Level Annotations

Branches:
Dungeon (2/15)

Altars:

Annotations:
D:2 Sigmund


Innate Abilities, Weirdness & Mutations

You are completely attuned to the shadows.


Message History

Aiming: Pain (safe; 1% risk of failure)
Press: ? - help, Shift-Dir - straight line, f/p - orc priest
Aim: an orc priest, wielding a dagger and wearing a leather armour (almost dead, chance to defeat MR: 81%)
The orc priest barely resists.
The orc priest miscasts a cantrip.
Casting: Pain (safe; 1% risk of failure)
Confirm with . or Enter, or press ? or * to list all spells.
Aiming: Pain (safe; 1% risk of failure)
Press: ? - help, Shift-Dir - straight line, f/p - orc priest
Aim: an orc priest, wielding a dagger and wearing a leather armour (almost dead, chance to defeat MR: 81%)
The orc priest writhes in agony!
You kill the orc priest!
Your Stealth skill increases to level 2!
The orc priest calls down the wrath of Beogh upon you.
Beogh smites you!
You hear an angry hiss.
Unknown command.
The orc priest invokes the aid of Beogh against you.
Beogh smites you!
You die...

.....>....###########
########### .# #.#
#.# .#+##.# ..o)..#
.#+##@# #.# #.#
.####.# ......#
#####.# #..# ##.##
#..#


You could see an orc priest.

Vanquished Creatures
  An orc priest (D:2)
  4 adders (D:2)
  An ooze (D:2)
  A dart slug (D:2)
  A leopard gecko (D:1)
  2 giant cockroaches (D:1)
  5 goblins
  A hobgoblin (D:2)
  4 jackals
  2 kobolds
  8 bats
  5 frilled lizards
  3 rats
38 creatures vanquished.

Notes
Turn   | Place    | Note
-------+----------+-------------------------------------------
     0 | D:1      | Gruud the Demonspawn Necromancer began the quest for the Orb.
     0 | D:1      | Reached XP level 1. HP: 13/13 MP: 3/3
    43 | D:1      | Learned a level 1 spell: Animate Skeleton
    95 | D:1      | Gained mutation: You are slightly more attuned to the shadows. [demonic ancestry]
    95 | D:1      | Reached XP level 2. HP: 13/19 MP: 0/5
   122 | D:1      | Reached skill level 5 in Necromancy
   736 | D:2      | Gained mutation: You are significantly more attuned to the shadows. [demonic ancestry]
   736 | D:2      | Reached XP level 3. HP: 19/24 MP: 0/6
   844 | D:2      | Learned a level 3 spell: Vampiric Draining
   934 | D:2      | Reached skill level 6 in Necromancy
  1113 | D:2      | Noticed Sigmund
  1219 | D:2      | Gained mutation: You are completely attuned to the shadows. [demonic ancestry]
  1219 | D:2      | Reached XP level 4. HP: 30/30 MP: 7/7
  1388 | D:2      | Killed from afar by an orc priest

Vault maps used:
D:1:      tarquinn_simple_flora_water_c, minmay_misc_feat_tiny
D:2:      minmay_door_path, uniq_sigmund

Skill      XL: |  1  2  3  4 |
---------------+-------------+-----
Necromancy     | 5 6 |  6.2
Stealth        | 2 |  2.2
Dodging        | |  1.7
Spellcasting   | |  2.3

Action                   |  1- 3 |  4- 6 || total
-------------------------+-------+-------++-------
Melee: Unarmed           |     6 |       ||     6
       Dagger            |     9 |     4 ||    13
 Cast: Pain              |    45 |     8 ||    53
       Animate Skeleton  |     3 |       ||     3
 Stab: Sleeping          |     4 |     1 ||     5
  Eat: Chunk             |     2 |       ||     2
Armor: Robe              |     5 |       ||     5
Dodge: Dodged            |    20 |     2 ||    22

Table legend:
 A = Spawn XP
 B = Non-spawn XP
 C = Spawn XP percentage of total XP
 D = Spawn monster count
 E = Non-spawn monster count
 F = Spawn count percentage of total count
 G = Total turns spent on level
                    A         B        C        D         E        F      G
               +---------+---------+-------+---------+---------+-------+---------
         Total |       0 |     156 |   0.0 |       0 |      38 |   0.0 |  1388
               +---------+---------+-------+---------+---------+-------+---------
           D:1 |       0 |      30 |   0.0 |       0 |      18 |   0.0 |   705
           D:2 |       0 |     126 |   0.0 |       0 |      20 |   0.0 |   683
               +---------+---------+-------+---------+---------+-------+---------
